 Dungeon Crawl Stone Soup version 0.31.0-32-g396128a36d (webtiles) character file.

Game seed: 15804489389593063959

375 Henri the Ruffian (level 6, 0/40 (42) HPs)
             Began as an Octopode Shapeshifter on Mar 30, 2024.
             Slain by a wight
             ... wielding a +3 halberd
              (19 damage)
             ... on level 4 of the Dungeon on Mar 31, 2024.
             The game lasted 00:08:10 (3365 turns).

Henri the Ruffian (Octopode Shapeshifter)           Turns: 3365, Time: 00:08:11

HP:   0/40 (42)     AC:  1    Str: 15    XL:     6   Next: 73%
MP:   6/6           EV: 13    Int: 13    God:
Gold: 240           SH:  5    Dex: 11    Spells: 5/5 levels left

rFire   . .          .
                       - Unarmed
rCold   . . .        (no shield)
rNeg    . . .        (helmet currently unavailable)
rPois   .            h - amulet of reflection
rElec   .            (no ring)
rCorr   .            (no ring)
SInv    .            (no ring)
Will    .....        (no ring)
Stlth   ++           (no ring)
HPRegen 0.26/turn    (no ring)
MPRegen 0.10/turn    (no ring)
                     (no ring)

%: reflection
@: beast-form, lightly drained
A: beast (slay +2), almost no armour, amphibious, 8 rings, camouflage 1,
gelatinous body 1, (nimble swimmer 1), tentacles
a: Begin Untransformation


You were on level 4 of the Dungeon.
You were a hulking beast.
You visited 1 branch of the dungeon, and saw 4 of its levels.

You collected 240 gold pieces.

Inventory:

Missiles
 n - 5 atropa-tipped darts (quivered)
Jewellery
 h - an amulet of reflection (around mantle)
 r - an amulet of faith
Talismans
 b - a beast talisman
 c - a flux talisman
 q - a maw talisman
Wands
 k - a wand of mindburst (11)
Scrolls
 e - a scroll of poison {unknown}
 f - a scroll of summoning {unknown}
 g - 3 scrolls of teleportation
 o - a scroll of blinking {unknown}
 p - a scroll of noise {unknown}
 s - a scroll of fog {unknown}
Potions
 a - a potion of lignification
 d - a potion of mutation
 i - 2 potions of enlightenment
 j - a potion of degeneration
 l - a potion of curing {unknown}
 m - a potion of brilliance {unknown}
 t - a potion of might {unknown}


   Skills:
 + Level 3.4 Fighting
 - Level 2.0 Dodging
 * Level 5.7 Unarmed Combat
 - Level 4.0 Shapeshifting


You had 5 spell levels left.
You didn't know any spells.
Your spell library contained the following spells:

 Spells                   Type           Power      Damage    Failure   Level
 Static Discharge         Conj/Air       0%         3-3/arc   43%         2
 Airstrike                Air            0%         2d(0-16)  97%         4
 Summon Lightning Spire   Summ/Air       0%         N/A       97%         4


Dungeon Overview and Level Annotations

Branches:
Dungeon (4/15)
 Temple: D:4-7

Altars:
Qazlal
The Shining One


Innate Abilities, Weirdness & Mutations

You are a hulking beast.
Your limbs bulge with bestial killing power. (Slay +2)
You cannot wear most types of armour.
You are amphibious.
You can wear up to eight rings at the same time.
Your skin changes colour to match your surroundings (Stealth+).
Your rubbery body absorbs attacks. (AC +1, EV +1)
((You are camouflaged when in or above water. (Stealth+)))
You have tentacles for arms and can constrict up to eight enemies at once.


Message History

The wight throws a stone.
The stone hits you.
The wight throws a stone.
You block the stone with an invisible shield... and reflect it back!
The stone hits the wight!
There is a stone staircase leading up here.
There is a stone staircase leading up here.
The wight throws a stone.
The stone hits you!
The wight throws a stone.
The stone hits you but does no damage.
The wight hits you with a +1 dagger of freezing.
You feel drained. The wight freezes you.
You climb upwards.
There is a stone staircase leading down here.
You tentacle-slap the wight. You grab the wight.
The wight is heavily damaged.
You constrict the wight.
The wight hits you with a +1 dagger of freezing.
The wight freezes you.
You barely miss the wight. You squeeze the wight.
The wight is severely damaged.
You constrict the wight.
The wight hits you with a +1 dagger of freezing.
The wight freezes you.
You tentacle-slap the wight.
You destroy the wight!
Your life force feels restored.
Things that are here:
a +1 dagger of freezing; 9 stones; a +0 robe
There is a stone staircase leading down here.
You start resting.
HP restored.
You climb downwards.
There is a stone staircase leading up here.
There is an open door here.
There is an open door here.
Things that are here:
a +0 whip; a gnoll skeleton The wight hits you from afar with a +3 halberd!!
You feel drained. The wight hits you with a +3 halberd!!
You die...

##..........#....#
#.....##'#..#...##
########..#######
#........#
#........#
#....)...#
#........#
#........#
#....h...#
#....z...#
######'##########
#...............#
#...............#
#...............#
#...............#
+...............#
#...............#
###


You could see a wight.

Vanquished Creatures
  A scorpion (D:3)
  A wight (D:3)
  An orc priest (D:3)
  A gnoll bouda (D:3)
  8 gnolls
  3 adders (D:3)
  A dart slug (D:3)
  3 ribbon worms
  4 orcs (D:3)
  10 endoplasms
  3 giant cockroaches
  6 hobgoblins
  3 jackals
  6 kobolds
  3 quokkas
  6 ball pythons
  10 bats
  5 frilled lizards
  10 goblins
  5 rats
90 creatures vanquished.

Notes
Turn   | Place    | Note
-------+----------+-------------------------------------------
     0 | D:1      | Henri the Octopode Shapeshifter began the quest for the
                  | Orb.
     0 | D:1      | Reached XP level 1. HP: 13/13 MP: 1/1
   155 | D:1      | Found a faded altar of an unknown god.
   182 | D:1      | Reached XP level 2. HP: 18/18 MP: 2/2
   283 | D:1      | You fall into a shaft and drop 1 floor!
   319 | D:2      | Reached XP level 3. HP: 23/23 MP: 3/3
  1708 | D:3      | Reached XP level 4. HP: 16/28 MP: 4/4
  1776 | D:3      | Found a glowing golden altar of the Shining One.
  2093 | D:3      | Reached skill level 4 in Unarmed Combat
  2283 | D:3      | Reached XP level 5. HP: 34/34 MP: 5/5
  2824 | D:4      | Found a stormy altar of Qazlal.
  2836 | D:3      | Reached skill level 5 in Unarmed Combat
  2836 | D:3      | Reached XP level 6. HP: 18/42 MP: 6/6
  3245 | D:4      | Identified the orb of Diocanis {light, MP+9}
  3365 | D:4      | Slain by a wight

Illustrated notes

Levels and vault maps discovered:
D:1:      tarquinn_simple_flora_water_f, layout_loops_ring,
          shapermc_ecumenical_altar_totnotflames, minivault_27,
          minmay_stone_trees_small
D:2:      layout_loops_corners, kennysheep_cluttered_room
D:3:      minmay_bubble_buster, layout_loops_ring, tso_oasis_becter,
          kennysheep_generic_room_8
D:4:      layout_gridville, nicolae_qazlal_scattered_showers

Skill      XL: |  1  2  3  4  5 |
---------------+----------------+-----
Shapeshifting  | 4 |  4.0
Fighting       | 2 3 |  3.4
Unarmed Combat | 4 5 |  5.7
Dodging        | |  2.0

Action                     |  1- 3 |  4- 6 || total
---------------------------+-------+-------++-------
  Melee: Unarmed           |    66 |    99 ||   165
         Tentacles         |    11 |    23 ||    34
         Constrict         |    11 |    29 ||    40
         Punch             |     1 |     6 ||     7
    Use: Scroll            |     3 |     1 ||     4
   Stab: Sleeping          |     7 |     6 ||    13
 Armour: Skin              |    23 |    40 ||    63
  Dodge: Dodged            |    28 |    33 ||    61
  Block: Other             |     7 |    20 ||    27
         Reflection        |       |     3 ||     3
